Map: King Sejong Station LE

Players

FearLess

  • Race: Terran Terran
  • League: Diamond

hydra - Winner!

  • Race: Zerg Zerg
  • League: Master

Event: Polygon Gaming Invitational 3

VOD

Have the link to the VOD?

Description

Time

  • Played on: June 18, 2016, 1:26 p.m.
  • Length: 12:26

All games in this series

Show
View Real Time Build Order
Export as new Build Order

FearLess Terran 

Build Orders: Liberator Opening, Reaper Expand, MMM Bio 

Get SALT Encoding   

  12  0:00  SCV  
  13  0:13  SCV  
  14  0:18  Supply Depot  
  14  0:25  SCV  
  15  0:40  SCV  
  15  0:41  Barracks  
  16  0:44  Refinery  
  16  0:52  SCV  
  18  1:04  SCV  
  18  1:16  SCV  
  19  1:28  Reaper, Orbital Command  
  20  1:40  Command Center  
  20  1:50  Supply Depot  
  20  1:54  SCV  
  20  2:00  Marine  
  22  2:06  SCV  
  23  2:14  Factory  
  23  2:15  Refinery  
  23  2:18  SCV  
  23  2:22  Barracks Reactor  
  24  2:30  SCV  
  25  2:42  SCV  
  26  2:53  Orbital Command  
  26  2:58  Starport  
  26  3:01  SCV  
  26  3:05  Hellion x2  
  31  3:07  Barracks Tech Lab  
  31  3:14  SCV  
  31  3:18  Liberator  
  31  3:22  SCV  
  31  3:26  Marine, Hellion x2, SCV  
  38  3:34  SCV  
  38  3:38  SCV  
  38  3:40  Supply Depot  
  43  3:46  Supply Depot, SCV  
  44  3:50  SCV  
  44  3:53  Marine  
  46  4:01  Marine  
  46  4:02  Siege Tank, SCV x2  
  52  4:10  Command Center  
  50  4:21  SCV x2  
  50  4:22  Marine  
  47  4:25  Medivac  
  47  4:26  Marine  
  50  4:33  SCV  
  50  4:34  SCV  
  50  4:36  Barracks  
  50  4:37  Barracks  
  52  4:41  Marine, Siege Tank  
  52  4:43  Marine  
  57  4:45  SCV  
  57  4:48  SCV  
  59  4:52  Supply Depot  
  59  4:54  Supply Depot  
  59  4:57  Medivac  
  59  4:58  SCV  
  62  5:14  Engineering Bay x2, Marine x2, SCV x2  
  62  5:18  Siege Tank  
  69  5:21  Orbital Command  
  69  5:23  Bunker  
  69  5:26  SCV  
  69  5:28  Barracks Tech Lab  
  70  5:40  Marine  
  67  5:45  Marine x2  
  66  5:55  Marine  
  52  6:04  Marine x2  
  52  6:08  Terran Infantry Weapons Level 1, Terran Infantry Armor Level 1  
  52  6:10  Stimpack  
  54  6:12  Barracks x2  
  54  6:13  SCV  
  54  6:15  Refinery x2  
  54  6:18  Barracks Tech Lab  
  55  6:19  Marine  
  53  6:26  Supply Depot  
  53  6:27  Bunker, SCV x2  
  53  6:28  Marine x2  
  57  6:37  Marine x2, Barracks x2  
  57  6:39  Barracks, SCV, Combat Shields  
  60  6:40  Barracks  
  60  6:45  Marine  
  60  6:46  Marine  
  62  6:49  SCV  
  63  6:54  Marine x2  
  63  6:55  SCV  
  63  6:57  Starport Reactor  
  63  7:00  Orbital Command  
  66  7:01  SCV  
  66  7:03  Barracks Tech Lab  
  66  7:07  Marine x2, SCV  
  70  7:12  Missile Turret  
  70  7:14  Marine x2, SCV  
  70  7:15  Marine  
  74  7:18  Concussive Shells  
  74  7:19  SCV  
  75  7:23  Armory  
  75  7:26  SCV x2  
  77  7:30  Barracks Reactor x4  
  77  7:31  SCV  
  77  7:33  Marine  
  77  7:34  Missile Turret  
  79  7:38  SCV x2  
  79  7:39  Bunker  
  79  7:41  Marauder x2  
  79  7:42  Marauder  
  79  7:43  SCV  
  88  7:50  Marauder, SCV x2  
  92  7:55  Supply Depot, SCV  
  93  8:01  Supply Depot  
  93  8:03  Supply Depot  
  93  8:05  Medivac x2, Marauder  
  99  8:08  SCV  
  100  8:14  Supply Depot  
  100  8:16  SCV  
  100  8:17  SCV  
  104  8:20  Marauder x3  
  104  8:23  Supply Depot  
  104  8:24  Supply Depot  
  104  8:25  Terran Infantry Weapons Level 2  
  107  8:31  Terran Infantry Armor Level 2  
  107  8:32  Marine x3, Marauder  
  107  8:33  Marine x3  
  115  8:43  Supply Depot  
  115  8:44  Supply Depot  
  115  8:46  Marine x6  
  115  8:47  Marine  
  122  8:49  Marine x2  
  122  8:51  Medivac  
  126  9:02  Medivac  
  128  9:03  Supply Depot  
  128  9:04  Marauder  
  128  9:05  Marine x2, Marauder  
  128  9:06  Marine  
  137  9:10  Marauder  
  137  9:11  Marine x3  
  137  9:15  Marine  
  137  9:16  Marine x3  
  144  9:21  Medivac  
  146  9:27  Marine x2  
  146  9:28  Marauder x2  
  152  9:37  Marine x3  
  152  9:38  Marine x4, Marauder x2  
  148  9:40  Marine  
  148  9:45  Marine x2  
  151  9:48  Medivac  
  151  9:49  Marine, Marauder  
  158  9:55  Marine x3  
  158  9:56  Marine  
  158  9:59  Marauder  
  160  10:01  Marine x2, Marauder  
  166  10:07  Marauder  
  166  10:18  Marine x2, Marauder  
  166  10:20  Marauder  
  170  10:23  Marine, Marauder  
  173  10:31  Marine  
  173  10:33  Marine  
  173  10:37  Supply Depot  
  173  10:39  Supply Depot  
  173  10:40  Supply Depot, Marine x2  
  173  10:41  Marauder x2  
  173  10:42  Starport, Marauder  
  181  10:43  Command Center  
  181  10:44  Refinery  
  180  10:59  Marauder  
  182  11:23  Marauder x3  
  182  11:24  Marine x2, Marauder  
  143  11:27  Marine  
  116  11:34  Marine x2  
  118  11:44  Marauder x2  
  118  11:45  Marauder x2  
  122  11:56  Marine  
Show
View Real Time Build Order
Export as new Build Order

hydra Zerg - Winner!

Build Orders: Hatch First 

Get SALT Encoding   

  12  0:00  Drone  
  13  0:12  Overlord  
  13  0:17  Drone  
  14  0:30  Drone x2  
  14  0:34  Drone  
  17  0:51  Hatchery  
  17  0:54  Drone  
  17  0:57  Drone  
  18  1:04  Extractor  
  17  1:13  Spawning Pool  
  17  1:16  Drone  
  17  1:19  Drone  
  18  1:28  Drone  
  19  1:38  Overlord  
  19  1:59  Queen  
  19  2:00  Zergling x4  
  23  2:02  Queen  
  23  2:03  Drone  
  23  2:06  Metabolic Boost  
  26  2:12  Drone  
  26  2:14  Drone  
  28  2:21  Drone  
  29  2:24  Drone  
  30  2:36  Queen  
  31  2:37  Extractor  
  31  2:43  Drone  
  32  2:44  Pneumatized Carapace  
  32  2:45  Overlord  
  32  2:48  Zergling x2  
  33  2:52  Drone  
  33  2:54  Drone  
  35  3:00  Overlord  
  35  3:08  Drone x3  
  35  3:09  Drone  
  35  3:10  Drone  
  35  3:12  Drone  
  41  3:15  Drone  
  41  3:17  Drone  
  43  3:20  Drone  
  43  3:22  Drone  
  45  3:27  Drone  
  46  3:38  Hatchery  
  46  3:41  Queen  
  45  3:46  Queen  
  49  3:49  Drone  
  49  3:51  Overlord  
  50  3:58  Spore Crawler  
  50  3:59  Drone x3  
  50  4:00  Extractor  
  50  4:02  Drone  
  52  4:10  Zergling x10  
  52  4:16  Drone  
  51  4:20  Drone x3  
  51  4:21  Drone  
  54  4:27  Drone  
  54  4:28  Drone x2  
  54  4:31  Drone  
  58  4:34  Drone, Evolution Chamber  
  58  4:36  Evolution Chamber  
  57  4:42  Drone  
  57  4:44  Drone  
  59  4:50  Overlord x2  
  59  4:54  Drone  
  60  5:01  Zerg Melee Weapons Level 1  
  60  5:02  Roach Warren, Zerg Ground Armor Level 1  
  59  5:10  Lair  
  59  5:11  Drone  
  59  5:12  Zergling x8  
  64  5:19  Zergling x6  
  67  5:26  Zergling x6  
  70  5:31  Overlord x3  
  70  5:38  Zergling x8  
  65  5:53  Drone x4  
  65  5:54  Drone x2  
  61  5:58  Drone  
  61  6:00  Drone  
  61  6:01  Drone x3  
  65  6:04  Drone  
  65  6:07  Extractor  
  65  6:09  Glial Reconstitution  
  65  6:10  Drone x3  
  65  6:11  Drone x4  
  71  6:12  Drone  
  69  6:23  Roach  
  69  6:24  Roach x2  
  73  6:33  Extractor, Drone  
  73  6:34  Extractor, Drone x2  
  73  6:35  Drone x2  
  73  6:37  Drone  
  77  6:41  Roach  
  80  6:47  Drone x3  
  80  6:48  Roach x5  
  80  6:53  Roach  
  94  6:56  Zerg Melee Weapons Level 2  
  94  6:59  Hatchery  
  94  7:00  Zerg Ground Armor Level 2  
  93  7:03  Extractor, Drone  
  93  7:07  Overlord, Infestation Pit  
  93  7:08  Overlord  
  92  7:17  Overlord  
  92  7:24  Overlord x2  
  92  7:26  Ravager  
  92  7:27  Ravager x2  
  92  7:28  Drone x3  
  92  7:29  Drone x2  
  100  7:30  Drone  
  100  7:31  Drone  
  100  7:32  Spore Crawler  
  100  7:34  Drone  
  102  7:37  Zergling x2  
  102  7:38  Zergling x8  
  102  7:44  Infestor x2  
  107  7:49  Hive  
  112  7:58  Drone x3  
  112  7:59  Extractor  
  112  8:01  Roach x4  
  112  8:02  Overlord, Roach x2  
  125  8:05  Overlord  
  125  8:06  Overlord  
  125  8:07  Overseer  
  126  8:12  Drone  
  126  8:14  Extractor  
  126  8:17  Ravager x2  
  126  8:18  Ravager  
  126  8:19  Overlord x3  
  127  8:23  Drone x4  
  127  8:24  Drone  
  131  8:31  Zergling x8  
  134  8:37  Zergling x12  
  140  8:42  Spore Crawler, Drone x3  
  142  8:51  Zergling x18  
  151  9:01  Adrenal Glands  
  151  9:02  Overlord x3, Ultralisk Cavern  
  150  9:16  Zerg Melee Weapons Level 3, Zerg Ground Armor Level 3  
  150  9:21  Roach x4  
  157  9:26  Roach x3  
  156  9:48  Chitinous Plating  
  156  9:49  Ultralisk x2  
  166  9:58  Zergling x14, Hatchery  
  166  9:59  Zergling x8  
  170  10:01  Zergling x4  
  172  10:15  Ultralisk x2  
  184  10:26  Ultralisk  
  184  10:27  Ultralisk  
  196  10:34  Ravager x4  
  200  10:49  Spire  
  199  10:52  Ravager  
  199  10:56  Hatchery  
  199  11:10  Nydus Network  
  170  11:26  Ultralisk x4  
  170  11:32  Zergling x2  
  187  11:33  Zergling x22  
Tags
 
Add a new tag
Caveats
  • Supply blocks, unpowered buildings, or Contaminate may cause inaccurate times.
  • Supply counts are checked every 10 seconds.